 Dungeon Crawl Stone Soup version 0.21.0-3-g78d12a8bdd (webtiles) character file.

165 Gunter174 the Shield-Bearer (level 5, 0/46 HPs)
             Began as a Minotaur Fighter on Jan 16, 2018.
             Succumbed to a worker ant's poison
             ... on level 2 of the Dungeon.
             The game lasted 00:08:33 (1830 turns).

Gunter174 the Shield-Bearer (Minotaur Fighter)      Turns: 1830, Time: 00:08:34

Health: 0/46       AC:  7    Str: 20    XL:     5   Next: 21%
Magic:  4/4        EV:  8    Int:  6    God:
Gold:   113        SH: 10    Dex: 10    Spells: 4/4 levels left

rFire    . . .     SeeInvis .   a - +0 trident
rCold    . . .     Gourm    .   c - +1 shield
rNeg     . . .     Faith    .   b - +0 scale mail
rPois    .         Spirit   .   (helmet restricted)
rElec    .         Reflect  .   (no cloak)
rCorr    +         Harm     .   (no gloves)
MR       .....                  (no boots)
Stlth    ..........             m - amulet of inaccuracy (curse)
HPRegen  0.15/turn              u - ring of resist corrosion
MPRegen  0.09/turn              (no ring)

@: lethally poisoned (0 -> -15)
A: retaliatory headbutt, horns 2
a: no special abilities


You were on level 2 of the Dungeon.
You were hungry.

You visited 1 branch of the dungeon, and saw 3 of its levels.

You collected 113 gold pieces.

Inventory:

Hand Weapons
 a - a +0 trident (weapon)
Armour
 b - a +0 scale mail (worn)
 c - a +1 shield (worn)
Jewellery
 m - a cursed amulet of inaccuracy (around neck)
 u - a ring of resist corrosion (left hand)
Wands
 g - a wand of paralysis (14)
Scrolls
 j - a scroll of identify
 s - 2 scrolls of teleportation
Potions
 d - 3 potions of might
 e - a potion of haste
 h - a potion of lignification
 i - 2 potions of resistance
 k - a potion of heal wounds {unknown}
 l - 4 potions of curing {unknown}
 o - a potion of berserk rage {unknown}
 p - a potion of ambrosia {unknown}
 q - a potion of agility {unknown}
 r - a potion of brilliance {unknown}
 t - 2 potions of degeneration {unknown}
Comestibles
 f - 7 rations
 n - 8 chunks of flesh


   Skills:
 + Level 4.2 Fighting
 + Level 4.3 Polearms
 + Level 4.5 Armour
 - Level 0.8 Dodging
 + Level 4.9 Shields


You had 4 spell levels left.
You didn't know any spells.

Dungeon Overview and Level Annotations

Branches:
Dungeon (3/15)

Altars:

Annotations:
D:3 vovahuhaifa's ghost, amateur CeHu


Innate Abilities, Weirdness & Mutations

You reflexively headbutt those who attack you in melee.
You have a pair of horns on your head.


Message History

You feel sick. You block the worker ant's attack.
* * * LOW HITPOINT WARNING * * *
You feel sick.
* * * LOW HITPOINT WARNING * * *
You feel sick.
A kobold comes into view.
* * * LOW HITPOINT WARNING * * *
You feel sick.
The kobold shouts!
The kobold throws a stone.
You block the stone. The worker ant bites you.
* * * LOW HITPOINT WARNING * * *
You are more poisoned.
The worker ant poisons you!
There is a stone staircase leading up here.
You see here a stone.
* * * LOW HITPOINT WARNING * * *
You feel sick.
The worker ant bites you but does no damage.
You climb upwards.
You die...

#.# #.#.....#..# #.# #.#
#.#
#.#.#####..######.####.#
#.# #.#.#
#................# #.#
#.#.# #.#..######.######
#.# #.#.# #.#..# #.# #.#
#.#.###.#..# #.# ###.#
#..........# #.# ....#
###.....##.# #.# #####
########@# #.# ...# #a#
#.######### .>.# #.#
#........).
...#############.#
###########
#.......(........#
##################


You could see a worker ant.

Vanquished Creatures
  A bullfrog skeleton (D:2)
  Jessica (D:2)
  3 adders (D:2)
  A gnoll (D:1)
  3 worms (D:2)
  5 dart slugs
  A leopard gecko (D:2)
  5 bats
  4 giant cockroaches
  5 hobgoblins
  4 jackals (D:2)
  3 kobolds (D:1)
  A ball python (D:3)
  4 frilled lizards
  6 goblins
  10 rats
57 creatures vanquished.

Notes
Turn   | Place    | Note
-------+----------+-------------------------------------------
     0 | D:1      | Gunter174 the Minotaur Fighter began the quest for the Orb.
     0 | D:1      | Reached XP level 1. HP: 19/19 MP: 0/0
   197 | D:1      | Reached XP level 2. HP: 21/27 MP: 1/1
   350 | D:1      | Reached XP level 3. HP: 31/33 MP: 2/2
  1041 | D:2      | Noticed Jessica
  1057 | D:2      | Killed Jessica
  1057 | D:2      | Reached XP level 4. HP: 38/40 MP: 3/3
  1438 | D:2      | Reached XP level 5. HP: 40/46 MP: 4/4
  1759 | D:3      | Noticed vovahuhaifa's ghost (amateur CeHu)
  1829 | D:3      | HP: 2/46 [poisoned by a worker ant]
  1830 | D:2      | Succumbed to a worker ant's poison

Skill      XL: |  1  2  3  4 |
---------------+-------------+-----
Shields        | 4 |  4.9
Fighting       | 4 |  4.2
Armour         | 4 |  4.5
Polearms       | 3 4 |  4.3
Dodging        | |  0.8

Action                   |  1- 3 |  4- 6 || total
-------------------------+-------+-------++-------
Melee: Trident           |   109 |   162 ||   271
       Headbutt          |     4 |    17 ||    21
  Use: Scroll            |     3 |     4 ||     7
  Eat: Chunk             |     1 |     2 ||     3
Armor: Scale mail        |    34 |    70 ||   104
Dodge: Dodged            |    19 |    58 ||    77
Block: Shield            |    47 |   102 ||   149
